 Dungeon Crawl Stone Soup version 0.31-a0-233-g139696dc86 (webtiles) character file.

Game seed: 10405248019345660570

147 qw the Shooter (level 5, -8/30 HPs)
             Began as a Gargoyle Hexslinger on July 7, 2023.
             Shot with an arrow by a centaur (11 damage)
             ... on level 4 of the Dungeon.
             The game lasted 00:00:55 (2524 turns).

qw the Shooter (Gargoyle Hexslinger)                Turns: 2524, Time: 00:00:55

Health: -8/30      AC: 10    Str: 12    XL:     5   Next: 29%
Magic:  6/6        EV: 10    Int: 13    God:
Gold:   211        SH:  0    Dex: 14    Spells: 5/6 levels left

rFire   . . .        Y - +2 sling
rCold   + . .        (no shield)
rNeg    + + +        f - +0 ring mail
rPois   inf          (no helmet)
rElec   +            (no cloak)
rCorr   .            a - +0 pair of gloves
SInv    .            (no boots)
Will    .....        (no amulet)
Stlth   +            d - ring of Uliapru {Drain Fly rPois rC+ rN+++}
HPRegen 0.25/turn    (no ring)
MPRegen 0.10/turn

%: no passive effects
@: flying
A: sickness immunity, AC +4, negative energy resistance 1, electricity
resistance, torment resistance 1, petrification resistance
a: no special abilities


You were on level 4 of the Dungeon.
You visited 1 branch of the dungeon, and saw 4 of its levels.

You collected 211 gold pieces.


Innate Abilities, Weirdness & Mutations

You are immune to sickness and miasma.
Your stone body is resilient. (AC +4)
You are immune to poison.
You resist negative energy. (rN+)
You are resistant to electric shocks. (rElec)
You are resistant to unholy torment.
You are immune to petrification.


   Skills:
 - Level 2.0 Fighting
 + Level 4.1 Ranged Weapons
 - Level 2.8 Armour
 - Level 1.5 Dodging
 - Level 1.0 Spellcasting
 - Level 2.6 Hexes


You had 5 spell levels left.
You knew the following spells:

 Your Spells              Type           Power      Damage    Failure   Level
a - Slow                  Hex            28%        N/A       21%         1

Your spell library contained the following spells:

 Spells                   Type           Power      Damage    Failure   Level
 Inner Flame              Hex/Fire       4%         N/A       71%         3
 Portal Projectile        Hex/Tloc       8%         N/A       71%         3
 Cause Fear               Hex            3%         N/A       90%         4

Inventory:

Hand Weapons
 Y - a +2 sling (weapon)
Armour
 a - a +0 pair of gloves (worn)
 f - a +0 ring mail (worn)
Jewellery
 d - the ring of Uliapru (left hand) {Drain Fly rPois rC+ rN+++}
   (You found it on level 2 of the Dungeon)

   [ring of poison resistance]

   rC:        It protects you from cold.
   rPois:     It protects you from poison.
   rN:        It renders you almost immune to negative energy.
   Fly:       It grants you flight.
   Drain:     It drains your maximum health when unequipped.
Scrolls
 g - 4 scrolls of identify

Dungeon Overview and Level Annotations

Branches:
Dungeon (4/15)
 Temple: D:4-7

Altars:

Shops:
D:3 (

Annotations:
D:3 2 transporters


Message History

Enter note:
Enter note:
Enter note:
Enter note:
Enter note:
Enter note:
Enter note:
Enter note: Partly explored, unvisited transporter and can't reach some places.
2468 ||| UPGRADING to +0 pair of gloves.
You start putting on your armour.
You continue putting on your +0 pair of gloves. x4
You finish putting on your +0 pair of gloves.
Partly explored, unvisited transporter and can't reach some places.
(D) Dungeon
Where to? (* - list waypoints, Enter - D:3, ? - help)
What level of the Dungeon? (default 1, ? - help)
There is a stone staircase leading down here.
You fly downwards.
There is a stone staircase leading up here.
Waypoint 3 assigned to D:4.
There is a stone staircase leading up here.
Found a stone staircase leading down.
A centaur comes into view.
You shoot a sling bullet.
The sling bullet closely misses the centaur.
The centaur shouts!
The centaur wields a +0 shortbow.
The centaur shoots an arrow.
The arrow hits you.
You shoot a sling bullet. The sling bullet hits the centaur.
The centaur is lightly wounded.
The centaur shoots an arrow.
The arrow hits you!
The centaur shoots an arrow.
The arrow hits you.
You shoot a sling bullet.
The sling bullet closely misses the centaur.
You shoot a sling bullet.
The sling bullet barely misses the centaur.
The centaur shoots an arrow.
The arrow hits you!
The centaur shoots an arrow.
The arrow hits you!
You die...

# ##. .
.#..#### ###..
..c..... .....
........ ......
.......##....##
#...@.......
#.>..##.....
#....+ ...
#....# . #....#
#....# #.####
########.#
#......#.#


You could see a centaur.

Vanquished Creatures
  A scorpion (D:3)
  2 adders (D:2)
  4 dart slugs
  4 endoplasms (D:1)
  4 giant cockroaches
  4 goblins
  8 hobgoblins
  7 kobolds
  A quokka (D:2)
  5 ball pythons
  9 bats
  A frilled lizard (D:1)
  5 rats
55 creatures vanquished.

Notes
Turn   | Place    | Note
-------+----------+-------------------------------------------
     0 | D:1      | qw the Gargoyle Hexslinger began the quest for the Orb.
     0 | D:1      | Reached XP level 1. HP: 12/12 MP: 2/2
     0 | D:1      | 0 ||| qw: Version: 0.3-a-46-gb1f654a
     0 | D:1      | 0 ||| qw: Game counter: 3204
     0 | D:1      | 0 ||| qw: Melee chars always use a shield: true
     0 | D:1      | 0 ||| qw: God list: Okawaru
     0 | D:1      | 0 ||| qw: Allow faded altars: false
     0 | D:1      | 0 ||| qw: Do Orc after clearing Dungeon:15 true
     0 | D:1      | 0 ||| qw: Do second Lair branch before Depths: true
     0 | D:1      | 0 ||| qw: Lair rune preference: random
     0 | D:1      | 0 ||| qw: Goals: Normal
     0 | D:1      | 0 ||| PLANNING D:1-11
   289 | D:1      | Reached XP level 2. HP: 16/16 MP: 3/3
   376 | D:1      | Reached skill level 3 in Ranged Weapons
   528 | D:1      | HP: 3/16 [frozen (5)]
   656 | D:1      | Reached XP level 3. HP: 21/21 MP: 4/4
   763 | D:1      | 763 ||| UPGRADING to +0 ring mail.
   773 | D:1      | 773 ||| DROPPING +0 robe.
   774 | D:1      | 774 ||| READING scroll labelled DIB JOTTOSCH.
   775 | D:1      | 775 ||| READING 3 scrolls labelled WASCHE KORUMMU.
   776 | D:1      | 776 ||| READING scroll labelled HUROUS NIEFABU.
   780 | D:1      | 780 ||| READING scroll labelled YXUQORHEICH.
   781 | D:1      | 781 ||| READING scroll labelled UFIYNYHUTH.
   782 | D:1      | 782 ||| READING scroll labelled RUJEXU HOSMI.
   783 | D:1      | 783 ||| DRINKING 2 fizzy yellow potions.
   784 | D:1      | 784 ||| READING 2 scrolls of identify.
   784 | D:1      | 784 ||| IDENTIFYING bubbling green potion
   785 | D:1      | 785 ||| DROPPING scroll of poison.
   786 | D:1      | 786 ||| DROPPING potion of ambrosia.
   787 | D:1      | 787 ||| DROPPING potion of invisibility.
  1153 | D:2      | Identified the ring of Uliapru {Drain Fly rPois rC+ rN+++}
  1260 | D:2      | Reached XP level 4. HP: 26/26 MP: 5/5
  1394 | D:2      | Reached skill level 4 in Ranged Weapons
  1637 | D:2      | 1637 ||| UPGRADING to ring of Uliapru {Drain Fly rPois rC+
                  | rN+++}.
  1638 | D:2      | 1638 ||| READING scroll labelled LOITTO ZUACAM.
  1639 | D:2      | 1639 ||| READING 4 scrolls of identify.
  1639 | D:2      | 1639 ||| IDENTIFYING puce potion
  1640 | D:2      | 1640 ||| READING 3 scrolls of identify.
  1640 | D:2      | 1640 ||| IDENTIFYING fuming brown potion
  1641 | D:2      | 1641 ||| DROPPING potion of brilliance.
  1642 | D:2      | 1642 ||| DROPPING potion of attraction.
  1666 | D:3      | Noticed a scorpion
  1680 | D:3      | HP: 4/26 [scorpion (4)]
  1683 | D:3      | Killed a scorpion
  1684 | D:3      | Reached XP level 5. HP: 6/30 MP: 6/6
  1920 | D:3      | Found a transporter.
  1925 | D:3      | Found Ymyuh's Weapon Boutique.
  1979 | D:3      | Found a transporter.
  2113 | D:3      | Identified the +4 scale mail "Denezex" {*Slow Will+ Dex+2}
  2468 | D:3      | 2468 ||| UPGRADING to +0 pair of gloves.
  2520 | D:4      | Noticed a centaur
  2524 | D:4      | HP: 3/30 [centaur/arrow (9)]
  2524 | D:4      | Shot with an arrow by a centaur

Levels and vault maps discovered:
D:1:      sevenhm_arrival_forest_fort_large_2, layout_basic,
          grunt_decor_mini_mirrors
D:2:      layout_loops_corners, corexii_leaking_fountain, serial_bayou_pond_a
D:3:      layout_loops_ring, serial_shops, nicolae_shop_drivethru,
          serial_bayou_ford_a, ebering_dispersal_statue_hall, dk_noncrumbling_4,
          chequers_serial_rivers_micro_a, kennysheep_generic_room_9,
          uniq_crazy_yiuf_cottage
D:4:      layout_basic, mainiacjoe_overflow_six_doors_small, lemuel_tele_altar,
          nicolae_overflow_hidden_temple, mainiacjoe_overflow_small_starburst,
          mainiacjoe_overflow_cross_hatched, uniq_grinder

Skill      XL: |  1  2  3  4 |
---------------+-------------+-----
Ranged Weapons | 3 4 |  4.1
Fighting       | 2 |  2.0
Armour         | 2 |  2.8
Dodging        | |  1.5
Spellcasting   | |  1.0
Hexes          | |  2.6

Action                     |  1- 3 |  4- 6 || total
---------------------------+-------+-------++-------
   Fire: Sling             |   123 |    80 ||   203
    Use: Scroll            |     7 |     3 ||    10
         Potion            |     1 |       ||     1
 Armour: Robe              |    10 |       ||    10
         Ring mail         |    19 |    25 ||    44
  Dodge: Dodged            |    32 |    38 ||    70

Table legend:
 A = Non-vault XP
 B = Vault XP
 C = Vault XP percentage of total XP
 D = Non-vault monster count
 E = Vault monster count
 F = Vault count percentage of total count
                 A         B        C        D         E       F
            +---------+---------+-------+---------+---------+-------
      Total |     121 |      89 |  42.4 |      53 |       2 |   3.6
            +---------+---------+-------+---------+---------+-------
        D:1 |      35 |       0 |   0.0 |      20 |       0 |   0.0
        D:2 |      65 |       0 |   0.0 |      24 |       0 |   0.0
        D:3 |      21 |      89 |  80.9 |       9 |       2 |  18.2
            +---------+---------+-------+---------+---------+-------
